 Dungeon Crawl Stone Soup version 0.28-a0-413-gde365fb1df (webtiles) character file.

Game seed: 17034208916508117715

237 robertstho the Magician (level 6, -4/43 HPs)
             Began as a Djinni Fire Elementalist on Sept 7, 2021.
             Slain by a hornet (12 damage)
             ... on level 8 of the Dungeon.
             The game lasted 00:05:33 (5755 turns).

robertstho the Magician (Djinni Fire Elementalist)  Turns: 5755, Time: 00:05:33

Health: -4/43      AC:  3    Str:  7    XL:     6   Next: 28%
Gold:   175        EV: 13    Int: 18    God:
                   SH:  0    Dex: 14

rFire   + + .      SeeInvis .   d - +0 spear (venom)
rCold   x . .      Faith    .   (no shield)
rNeg    . . .      Spirit   .   a - +0 robe
rPois   ∞          Reflect  .   (no helmet)
rElec   .          Harm     .   (no cloak)
rCorr   .          Rampage  .   h - +0 pair of gloves
Will    .....                   (boots unavailable)
Stlth   ++........              (no amulet)
HPRegen 0.14/turn               f - ring of wizardry
MPRegen 0.00/turn               (no ring)

@: flying, very slightly contaminated
A: sickness immunity, fire resistance 2, cold vulnerability 1, float, innate
caster, hp casting, extra vitality 1
a: no special abilities


You were on level 8 of the Dungeon.
You visited 1 branch of the dungeon, and saw 6 of its levels.

You collected 175 gold pieces.

Inventory:

Hand Weapons
 b - a +1 dagger of draining
 d - a +0 spear of venom (weapon)
Armour
 a - a +0 robe (worn)
 h - a +0 pair of gloves (worn)
Jewellery
 f - a ring of wizardry (left hand)
Wands
 o - a wand of charming (8)
Scrolls
 i - a scroll of blinking {unknown}
 j - a scroll of fog {unknown}
 k - a scroll of teleportation
 m - a scroll of noise {unknown}
 n - a scroll of silence
Potions
 c - 2 potions of ambrosia {unknown}
 e - a potion of mutation {unknown}
 g - 2 potions of flight {unknown}
 l - 3 potions of curing {unknown}


   Skills:
 * Level 1.8 Fighting
 + Level 2.9 Dodging
 + Level 2.0 Stealth
 * Level 4.4 Spellcasting


You couldn't memorise any spells.
You knew the following spells:

 Your Spells              Type           Power      Damage    Failure   Level
a - Foxfire               Conj/Fire      80%        2x1d8     1%          1
b - Scorch                Fire           40%        2d7       1%          2
c - Conjure Flame         Conj/Fire      20%        6-21      2%          3
d - Inner Flame           Hex/Fire       20%        N/A       2%          3
e - Flame Wave            Conj/Fire      20%        3d6       9%          4
f - Shock                 Conj/Air       80%        1d8       1%          1
g - Poisonous Vapours     Pois/Air       40%        N/A       1%          2
Your spell library was empty.

Dungeon Overview and Level Annotations

Branches:
Dungeon (5/15)
 Temple: D:4-7

Altars:
Sif Muna

Shops:
D:1 **!*

Annotations:
D:1 Good shop potion shop


Innate Abilities, Weirdness & Mutations

You are immune to sickness and miasma.
You are immune to poison.
Your flesh is very heat resistant. (rF++)
You are vulnerable to cold. (rC-)
You float through the air rather than walking.
You learn spells naturally, not from books.
Your magical power is your life essence.
You have superior vitality. (+4 HP)


Message History

The hornet stings you but does no damage.
Casting: Scorch (safe; 1% risk of failure)
Confirm with . or Enter, or press ? or * to list all spells.
Flames lash the kobold brigand.
The kobold brigand is moderately wounded.
The kobold brigand's fire resistance burns away.
The hornet is no longer more vulnerable to fire.
The kobold brigand throws a poisoned dart.
The poisoned dart closely misses you.
The poisoned dart completely misses the hornet.
The hornet misses you.
Casting: Scorch (safe; 1% risk of failure)
Confirm with . or Enter, or press ? or * to list all spells.
The spell is quite dangerous to cast (9% risk of failure)!
Continue anyway?
Casting: Flame Wave (quite dangerous; 9% risk of failure)
Press: ? - help, Dir - look around, f - activate A wave of flame ripples out!
The flame wave engulfs the hornet.
The hornet is heavily wounded. (Press . to intensify the flame waves.)
The hornet misses you. x2
Unknown command.
A wave of flame ripples out!
The flame wave engulfs the hornet.
The hornet is severely wounded.
The flame wave engulfs the kobold brigand!
The kobold brigand is burned terribly!
The kobold brigand is almost dead.
The hornet stings you!
* * * LOW HITPOINT WARNING * * *
A wave of flame ripples out!
The flame wave engulfs the hornet!
The hornet is almost dead.
The flame wave engulfs the kobold brigand!
The kobold brigand is burned terribly!
You kill the kobold brigand!
You hear a splash. x2
* * * LOW HITPOINT WARNING * * *
You finish channelling waves of flame.
You hear an angry buzzing noise. x2
The hornet is engulfed in a cloud of scalding steam.
The hornet stings you!
You die...

.... .# ..... .# ..#
..$..#.# y.#
......#..y#.
..#..#.#.##≈########≈#
. ........ #§y@§§...#
..##...#.# ##########
..Y..>...#
..##...##... #...#
#...# #...# #...#
#...#


You could see a hornet.

Vanquished Creatures
  A kobold brigand (D:8)
  A jelly (D:4)
  2 orc priests (D:4)
  An iguana (D:4)
  4 adders
  A worm (D:2)
  3 dart slugs
  9 orcs
  A bat (D:3)
  7 endoplasms
  3 giant cockroaches
  16 goblins
  6 hobgoblins
  A quokka (D:2)
  3 ball pythons
  3 frilled lizards
  7 kobolds
  8 rats
77 creatures vanquished.

Vanquished Creatures (others)
  339 foxfires
339 creatures vanquished.

Grand Total: 416 creatures vanquished

Notes
Turn   | Place    | Note
-------+----------+-------------------------------------------
     0 | D:1      | robertstho the Djinni Fire Elementalist began the quest for
                  | the Orb.
     0 | D:1      | Reached XP level 1. HP: 15/15 MP: 0/0
    28 | D:1      | Found Hocry's General Store.
   714 | D:1      | Reached XP level 2. HP: 18/22 MP: 0/0
  1174 | D:1      | Found a faded altar of an unknown god.
  1502 | D:1      | Reached XP level 3. HP: 23/26 MP: 0/0
  1502 | D:1      | Learned a level 1 spell: Shock
  1540 | D:1      | Found Finusiokk's Assorted Antiques.
  1546 | D:1      | Reached skill level 3 in Spellcasting
  1613 | D:1      | Found Jioxt's Distillery.
  1681 | D:1      | Found Tatestro's Assorted Antiques.
  2119 | D:2      | Reached skill level 1 in Fighting
  2636 | D:2      | Reached XP level 4. HP: 28/32 MP: 0/0
  4093 | D:4      | Reached XP level 5. HP: 33/37 MP: 0/0
  4093 | D:4      | Learned a level 2 spell: Poisonous Vapours
  4504 | D:4      | Reached skill level 4 in Spellcasting
  4597 | D:4      | Reached XP level 6. HP: 40/43 MP: 0/0
  5543 | D:4      | Noticed an ogre
  5730 | D:5      | Entered Level 5 of the Dungeon
  5741 | D:5      | You are sucked into a shaft and drop 3 floors!
  5741 | D:8      | Noticed a yak
  5741 | D:8      | Noticed a yak
  5743 | D:8      | Noticed a yak
  5745 | D:8      | Noticed a hornet
  5755 | D:8      | Slain by a hornet

Illustrated notes

Levels and vault maps discovered:
D:1:      erik_arrival_triangle_medium, layout_basic, serial_shops,
          nicolae_shop_behind_doors, shop, shop, shop,
          hellmonk_ecumenical_altar_lost_god
D:2:      layout_loops_ring
D:3:      layout_rooms, minmay_misc_feat_tiny
D:4:      layout_basic, lemuel_coloured_pillars_altar, minmay_tree_intersection,
          minmay_ogre_servants
D:5:      layout_basic, minmay_temple_entry_overgrown
D:8:      cheibrodos_two_vegetables, layout_basic,
          beargit_hepliaklqana_dungeon_heroes,
          gammafunk_ghost_berserking_beasts, kb_rosetta

Skill      XL: |  1  2  3  4  5 |
---------------+----------------+-----
Spellcasting   | 3 4 |  4.4
Fighting       | 1 |  1.8
Stealth        | 2 |  2.0
Dodging        | |  2.9

Action                   |  1- 3 |  4- 6 || total
-------------------------+-------+-------++-------
Melee: Dagger            |    13 |     1 ||    14
 Cast: Foxfire           |    88 |   128 ||   216
       Scorch            |       |     5 ||     5
       Flame Wave        |       |     1 ||     1
  Use: Scroll            |       |     4 ||     4
 Stab: Sleeping          |     1 |       ||     1
Armor: Robe              |     3 |     7 ||    10
Dodge: Dodged            |    14 |    25 ||    39

Table legend: (Time is in decaauts)
 A = Elapsed time spent in this place.
 B = Non-inter-level travel time spent in this place.
 C = Inter-level travel time spent in this place.
 D = Time resting spent in this place.
 E = Time spent auto-exploring this place.
 F = Levels seen in this place.
 G = Mean time per level.
                   A        B        C        D        E       F      G
               +--------+--------+--------+--------+--------+-----+--------+
         Total |   5752 |   5633 |    119 |    224 |   4806 |   6 |  958.7 |
       Dungeon |   5752 |   5633 |    119 |    224 |   4806 |   6 |  958.7 |
               +--------+--------+--------+--------+--------+-----+--------+

Top non-repeatable levels by time:
     D:4: 1860 daAuts
     D:1: 1717 daAuts
     D:2: 1125 daAuts
     D:3: 1024 daAuts
     D:8: 13 daAuts
     D:5: 10 daAuts
